 Dungeon Crawl Stone Soup version 0.29-a0-214-g17f627cfee (webtiles) character file.

Game seed: 2262091052798999665

20 spaghetti the Skirmisher (level 2, 0/22 HPs)
             Began as an Octopode Fighter on Feb 24, 2022.
             Was a Follower of Makhleb.
             Slain by a jackal (2 damage)
             ... on level 1 of the Dungeon.
             The game lasted 00:01:27 (1000 turns).

spaghetti the Skirmisher (Octopode Fighter)         Turns: 1000, Time: 00:01:28

Health: 0/22       AC:  1    Str: 15    XL:     2   Next: 79%
Magic:  2/2        EV: 13    Int: 10    God:    Makhleb [*.....]
Gold:   46         SH:  4    Dex: 11    Spells: 1/1 levels left

rFire   . . .      SeeInvis .   f - +1 short sword (drain) {short}
rCold   . . .      Faith    .   b - +0 buckler
rNeg    . . .      Spirit   .   (helmet restricted)
rPois   .          Reflect  .   (no amulet)
rElec   .          Harm     .   (no ring)
rCorr   .          Rampage  .   (no ring)
Will    .....                   (no ring)
Stlth   ++........              (no ring)
HPRegen 0.07/turn               (no ring)
MPRegen 0.08/turn               (no ring)
                                (no ring)
                                (no ring)

@: mighty, hasted, very quick
A: almost no armour, amphibious, 8 rings, camouflage 1, gelatinous body 1,
(nimble swimmer 1), tentacles
a: Renounce Religion


You were on level 1 of the Dungeon.
You worshipped Makhleb.
Makhleb was aware of your devotion.
You visited 1 branch of the dungeon, and saw 1 of its levels.

You collected 46 gold pieces.


Innate Abilities, Weirdness & Mutations

You cannot wear most types of armour.
You are amphibious.
You can wear up to eight rings at the same time.
Your skin changes colour to match your surroundings (Stealth+).
Your rubbery body absorbs attacks. (AC +1, EV +1)
((You are camouflaged when in or above water. (Stealth+)))
You have tentacles for arms and can constrict up to eight enemies at once.


   Skills:
 + Level 3.8 Fighting
 - Level 2.0 Long Blades
 + Level 3.0 Dodging
 - Level 3.0 Shields
 + Level 0.2 Invocations


You had one spell level left.
You didn't know any spells.
Your spell library was empty.

Inventory:

Hand Weapons
 a - a +0 long sword {long}
 f - a +1 short sword of draining (weapon) {short}
   (You found it on level 1 of the Dungeon)
Armour
 b - a +0 buckler (worn)
Scrolls
 d - a scroll of teleportation {unknown}
 e - a scroll of amnesia {unknown}
 h - a scroll of vulnerability {unknown}

Dungeon Overview and Level Annotations

Branches:
Dungeon (1/15)

Altars:
Makhleb

...........†......#.#
.......##.#.#.....#.#
#....#.##.#.#.#...#.#
#.........#.#.#.#.#.#
#....#.##.#.#.#.#[#.#
#..#.#.##.#.#.#.#h#.#
#..#.#............#.#
#..#.####.#####†###.#
#....#.........h@##.#
#....#.##.#####..##.#
#....#.##.# #..##.#
.....#.##.# #..##.#
.......##.# #..##.#
.......##.# #..##.#
...###.##.# #..##.#
...# #.##.# #.>##.#
...###.##.#####..##.#


You could see a jackal.


Message History

Found a stone staircase leading down. 😎 HP[+2]
Your hp is fully restored (22).
You open the door.
There is an open door here. 2 jackals come into view.
A jackal comes into view.
A jackal comes into view.
The jackal barks! x3
The jackal barks!
The jackal barely misses you. The jackal misses you.
You barely miss the jackal. Your grab misses the jackal.
Your squeeze misses the jackal. The jackal barely misses you.
You closely miss the jackal. Your grab misses the jackal. The jackal bites you.
The jackal barely misses you. The jackal bites you.
The jackal closely misses you. 😕 HP[-4]
You take 4 damage, and now have 18/22 hp.
You hit the jackal but do no damage. You drain the jackal.
Your grab misses the jackal. You block the jackal's attack.
The jackal bites you. The jackal barely misses you.
The jackal bites you. 😮 HP[-3]
You take 3 damage, and now have 15/22 hp.
You are too injured to fight recklessly!
You are too injured to fight recklessly!
You are too injured to fight recklessly!
You are too injured to fight recklessly!
You are too injured to fight recklessly!
You are too injured to fight recklessly!
You are too injured to fight recklessly!
You are too injured to fight recklessly!
There are monsters nearby!
You miss the jackal. Your grab misses the jackal.
Your squeeze misses the jackal. The jackal completely misses you.
The jackal closely misses you. x2
The jackal bites you but does no damage.
The jackal misses you. The jackal bites you.
You block the jackal's attack. 😮 HP[-1]
You take 1 damage, and now have 14/22 hp.
You hit the jackal but do no damage. You grab the jackal.
You constrict the jackal.
You kill the jackal!
Makhleb accepts your kill. The jackal bites you.
* * * LOW HITPOINT WARNING * * *
The jackal barely misses you. x2; The jackal bites you.
* * * LOW HITPOINT WARNING * * *
The jackal completely misses you. 😨 HP[-5]
You take 5 damage, and now have 9/22 hp.
MASSIVE DAMAGE!! (PAUSE)
The jackal bites you.
* * * LOW HITPOINT WARNING * * *
The jackal barely misses you. 😨 HP[-3]
You take 3 damage, and now have 6/22 hp.
The jackal bites you but does no damage.
The jackal bites you.
* * * LOW HITPOINT WARNING * * *
😱 HP[-2]
You take 2 damage, and now have 4/22 hp.
There is an open door here.
It was a potion of haste.
You feel yourself speed up.
Okay, then. 😱 HP[+1]
You see here a +0 robe.
You feel very mighty all of a sudden. 😨 HP[+1]
You closely miss the jackal. Your grab misses the jackal.
You barely miss the jackal. Your grab misses the jackal.
You block the jackal's attack.
The jackal bites you but does no damage.
You closely miss the jackal. Your grab misses the jackal.
The jackal barely misses you. The jackal completely misses you.
You barely miss the jackal. You grab the jackal. You constrict the jackal.
The jackal bites you.
* * * LOW HITPOINT WARNING * * *
😱 HP[-1]
You take 1 damage, and now have 5/22 hp.
You barely miss the jackal. You constrict the jackal.
The jackal closely misses you. The jackal barely misses you.
You aren't carrying any potions.
Okay, then.
You aren't carrying any items that you can evoke.
You barely miss the jackal. You constrict the jackal.
The jackal bites you but does no damage.
The jackal bites you.
* * * LOW HITPOINT WARNING * * *
😱 HP[-3]
You take 3 damage, and now have 2/22 hp.
You puncture the jackal!
You kill the jackal!
Makhleb accepts your kill.
You feel better. The jackal bites you.
* * * LOW HITPOINT WARNING * * *
You puncture the jackal!
You kill the jackal!
Makhleb accepts your kill. The jackal bites you.
You die...

Action                   || total
-------------------------++-------
Melee: Long sword        ||    26
       Constrict         ||    11
       Tentacles         ||     3
       Short sword       ||    15
  Use: Potion            ||     2
 Stab: Sleeping          ||     2
Armor: Skin              ||     8
Dodge: Dodged            ||    32
Block: Buckler           ||     7

Levels and vault maps discovered:
D:1:      ebering_trefoil_twist, layout_basic, ebering_ecumenical_altar_ruins

Notes
Turn   | Place    | Note
-------+----------+-------------------------------------------
     0 | D:1      | spaghetti the Octopode Fighter began the quest for the Orb.
     0 | D:1      | Reached XP level 1. HP: 16/16 MP: 1/1
     0 | D:1      | magus.rc [v1.9.6]
   175 | D:1      | Reached XP level 2. HP: 21/21 MP: 2/2
   361 | D:1      | Found a faded altar of an unknown god.
   367 | D:1      | Prayed at the altar of an unknown god.
   367 | D:1      | Became a worshipper of Makhleb the Destroyer
   367 | D:1      | Reached * piety under Makhleb
   965 | D:1      | HP: 4/22 [jackal (2)]
   996 | D:1      | HP: 5/22 [jackal (1)]
   998 | D:1      | HP: 2/22 [jackal (3)]
  1000 | D:1      | Slain by a jackal

Vanquished Creatures
  3 ball pythons (D:1)
  2 bats (D:1)
  An endoplasm (D:1)
  2 giant cockroaches (D:1)
  4 hobgoblins (D:1)
  3 jackals (D:1)
  A quokka (D:1)
  A kobold (D:1)
  A rat (D:1)
18 creatures vanquished.

Table legend:
 A = Non-vault XP
 B = Vault XP
 C = Vault XP percentage of total XP
 D = Non-vault monster count
 E = Vault monster count
 F = Vault count percentage of total count
                 A         B        C        D         E       F
            +---------+---------+-------+---------+---------+-------
      Total |      31 |       0 |   0.0 |      18 |       0 |   0.0
            +---------+---------+-------+---------+---------+-------
        D:1 |      31 |       0 |   0.0 |      18 |       0 |   0.0
            +---------+---------+-------+---------+---------+-------

Illustrated notes

Table legend:
 A = Kills in this place as a percentage of kills in entire the game.
 B = Kills by you in this place as a percentage of kills by you in the entire game.
 C = Kills by friends in this place as a percentage of kills by friends in the entire game.
 D = Other kills in this place as a percentage of other kills in the entire game.
 E = Experience gained in this place as a percentage of experience gained in the entire game.
 F = Experience gained in this place divided by the number of levels of this place that you have seen.
                   A       B       C       D       E      F
               +-------+-------+-------+-------+-------+----------------------
         Total | 100.0 | 100.0 |   N/A |   N/A | 100.0 |  31.0
       Dungeon | 100.0 | 100.0 |   N/A |   N/A | 100.0 |  31.0
               +-------+-------+-------+-------+-------+----------------------

Table legend: (Time is in decaauts)
 A = Elapsed time spent in this place.
 B = Non-inter-level travel time spent in this place.
 C = Inter-level travel time spent in this place.
 D = Time resting spent in this place.
 E = Time spent auto-exploring this place.
 F = Levels seen in this place.
 G = Mean time per level.
                   A        B        C        D        E       F      G
               +--------+--------+--------+--------+--------+-----+--------+
         Total |    999 |    999 |      0 |     82 |    763 |   1 |  999.0 |
       Dungeon |    999 |    999 |      0 |     82 |    763 |   1 |  999.0 |
               +--------+--------+--------+--------+--------+-----+--------+

Top non-repeatable levels by time:
     D:1: 999 daAuts
